 Dungeon Crawl Stone Soup version 0.30-b1-2-g02819fbbbe (webtiles) character file.

Game seed: 6013043781270247019

8067 Lolow the Cleaver (level 11, -6/157 HPs)
             Began as a Minotaur Berserker on May 27, 2023.
             Was an Elder of Trog.
             Mangled by Saint Roka
             ... wielding a +0 great sword
              (24 damage)
             ... on level 1 of the Orcish Mines on May 28, 2023.
             The game lasted 01:25:58 (10815 turns).

Lolow the Cleaver (Minotaur Berserker)             Turns: 10815, Time: 01:25:59

Health: -6/157     AC: 15    Str: 26    XL:     11   Next: 5%
Magic:  10/10      EV: 11    Int:  4    God:    Trog [****..]
Gold:   1337       SH:  0    Dex: 10    Spells: 10/10 levels left

rFire   . . .        M - +8 trident of the Octopus King {venom, rElec rPois}
rCold   . . .        (no shield)
rNeg    . . .        s - +5 ring mail
rPois   +            m - +2 hat
rElec   +            (no cloak)
rCorr   .            (no gloves)
SInv    .            R - +2 pair of boots
Will    .....        h - amulet of the acrobat Stlth
                     (no ring)
HPRegen 0.46/turn    (no ring)
MPRegen 0.12/turn

%: acrobat
@: berserking, very quick
A: horns 2, retaliatory headbutt
a: Renounce Religion, Berserk, Trog's Hand, Brothers in Arms


You were on level 1 of the Orcish Mines.
You worshipped Trog.
Trog was greatly pleased with you.
You visited 3 branches of the dungeon, and saw 12 of its levels.

You collected 1337 gold pieces.

Inventory:

Hand Weapons
 p - a +0 war axe
 A - a +2 hand axe of flaming
 B - a +4 trident
 M - the +8 trident of the Octopus King (weapon) {venom, rElec rPois}
   (You took it off an orc on level 7 of the Dungeon)

   rElec:     It insulates you from electricity.
   rPois:     It protects you from poison.
 Q - a +0 dagger
 U - a +0 short sword
Missiles
 i - a curare-tipped dart
 u - 46 stones
 E - 27 poisoned darts (quivered)
 S - a throwing net
Armour
 m - a +2 hat (worn)
 r - a +0 chain mail
 s - a +5 ring mail (worn)
 x - a +0 ring mail of cold resistance
 J - a +0 plate armour
 N - a +0 chain mail
 R - a +2 pair of boots (worn)
Magical Staves
 j - a staff of conjuration
Jewellery
 c - a ring of ice
 h - an amulet of the acrobat (around neck)
 K - a ring of ice
Wands
 g - a wand of paralysis (6)
 q - a wand of quicksilver (4)
 y - a wand of flame (68)
 z - a wand of iceblast (13)
 C - a wand of mindburst (15)
Scrolls
 d - 3 scrolls of noise
 e - a scroll of magic mapping
 f - 7 scrolls of immolation
 k - a scroll of fog
 n - a scroll of vulnerability
 t - a scroll of teleportation
 F - a scroll of poison
Potions
 a - 2 potions of might
 b - a potion of haste
 l - a potion of mutation
 o - 2 potions of brilliance
 v - 2 potions of degeneration
 w - a potion of heal wounds
 D - 2 potions of resistance
 G - 2 potions of lignification
 H - a potion of curing {unknown}
 L - 2 potions of attraction


   Skills:
 + Level 12.3 Fighting
 - Level 12.9(14.5) Axes
 * Level 11.0(13.6) Polearms
 - Level 2.4 Armour
 - Level 2.1 Dodging


You had 10 spell levels left.
You didn't know any spells.
Your spell library contained the following spells:

 Spells                   Type           Power      Damage    Failure   Level
 Cigotuvi's Dreadful Rot  Necr/Pois/Air  0%         N/A       77%         2
 Scorch                   Fire           0%         2d5       77%         2
 Ignite Poison            Fire/Tmut/Pois 0%         N/A       94%         3
 Ozocubu's Armour         Ice            0%         N/A       94%         3
 Stone Arrow              Conj/Erth      0%         3d7       94%         3
 Animate Armour           Summ/Erth      0%         N/A       100%        4
 Freezing Cloud           Conj/Ice/Air   0%         6-21      100%        5
 Metabolic Englaciation   Hex/Ice        0%         N/A       100%        5
 Simulacrum               Ice/Necr       0%         N/A       100%        6
 Lehudib's Crystal Spear  Conj/Erth      0%         10d2      100%        8


Dungeon Overview and Level Annotations

Branches:
Dungeon (9/15)             Temple (0/1) D:6             Orc (2/2) D:9
    Elf (1/3) Orc:2
   Lair: D:8-11

Altars:
Ashenzari
Cheibriados
Hepliaklqana
Ru
Sif Muna
Trog
Jiyva

Shops:
D:4 [   D:6 [

Annotations:
D:5 exclusion: downstairs
D:6 3 runed translucent doors, arta456's ghost, novice DECj; diceflayer's ghost, novice DsHu
Orc:1 Saint Roka


Innate Abilities, Weirdness & Mutations

You have a pair of horns on your head.
You reflexively headbutt those who attack you in melee.


Message History

Saint Roka is lightly wounded.
Saint Roka misses you.
You hit Saint Roka.
Saint Roka is poisoned.
Saint Roka is lightly wounded.
You puncture Saint Roka! You headbutt Saint Roka!!
Saint Roka is moderately wounded.
Saint Roka hits you with a +0 great sword!!
You puncture Saint Roka!
Saint Roka is moderately wounded.
You puncture Saint Roka! You headbutt Saint Roka!
Saint Roka is heavily wounded.
You puncture Saint Roka! Your headbutt misses Saint Roka.
Saint Roka is heavily wounded.
Saint Roka invokes the aid of Beogh against you.
Beogh smites you!
* * * LOW HITPOINT WARNING * * *
You hit Saint Roka but do no damage. You headbutt Saint Roka!!
Saint Roka is severely wounded.
You puncture Saint Roka!
Saint Roka looks as sick as possible!
You headbutt Saint Roka, but do no damage.
Saint Roka is severely wounded.
Saint Roka hits you with a +0 great sword!!
* * * LOW HITPOINT WARNING * * *
You are too berserk!
Okay, then.
You hit Saint Roka.
Saint Roka is severely wounded.
You hit Saint Roka but do no damage. You headbutt Saint Roka.
Saint Roka is severely wounded.
You hit Saint Roka. You headbutt Saint Roka!
Saint Roka is severely wounded.
Saint Roka hits you with a +0 great sword.
* * * LOW HITPOINT WARNING * * *
You impale Saint Roka!!
Saint Roka looks as sick as possible!
Saint Roka is almost dead.
You puncture Saint Roka!
Saint Roka looks as sick as possible!
You headbutt Saint Roka!
Saint Roka is almost dead.
Saint Roka hits you with a +0 great sword!!
You die...

#####
##.#.####
##.)[[.#.##
#..[@(....#
###.[[o...##
#.#.....<.##
#..........#
###....#..##
#.......#
##..#...#
#####.## ###


You could see Saint Roka (extremely poisoned).

Vanquished Creatures
  An orc warlord (Orc:2)
  Pikel (D:6)
  Maggie (D:6)
  A troll (D:9)
  10 yaks
  2 steam dragons (D:8)
  3 vampire mosquitoes (D:8)
  3 wargs
  Duvessa (D:5)
  2 sky beasts (D:7)
  9 orc warriors
  3 ogres
  2 centaurs
  4 kobold brigands
  3 lemures
  6 scorpions
  Dowan (D:5)
  7 killer bees
  4 howler monkeys
  6 hounds
  6 jellies
  9 orc priests
  2 sleepcaps
  4 iguanas
  4 orc wizards
  Robin (D:2)
  7 gnolls
  5 adders
  A white imp (D:5)
  4 worms
  4 dart slugs
  68 orcs
  4 ball pythons
  4 bats
  11 endoplasms
  3 giant cockroaches
  17 goblins
  13 hobgoblins
  3 jackals
  27 kobolds
  2 quokkas
  2 frilled lizards
  4 rats
275 creatures vanquished.

Vanquished Creatures (others)
  3 kobolds (D:8)
  5 withered plants (D:6)
8 creatures vanquished.

Grand Total: 283 creatures vanquished

Notes
Turn   | Place    | Note
-------+----------+-------------------------------------------
     0 | D:1      | Lolow the Minotaur Berserker began the quest for the Orb.
     0 | D:1      | Reached XP level 1. HP: 19/19 MP: 0/0
   106 | D:1      | Reached XP level 2. HP: 26/27 MP: 1/1
   130 | D:1      | Found a faded altar of an unknown god.
   608 | D:2      | Reached XP level 3. HP: 33/33 MP: 2/2
   687 | D:2      | Noticed Robin
   709 | D:2      | Killed Robin
   710 | D:2      | Reached skill level 5 in Axes
   894 | D:2      | Reached XP level 4. HP: 36/41 MP: 3/3
   999 | D:2      | Reached ** piety under Trog
  1343 | D:2      | Reached XP level 5. HP: 47/47 MP: 4/4
  1581 | D:3      | Reached skill level 5 in Fighting
  1693 | D:3      | Found a sacrificial altar of Ru.
  1693 | D:3      | Found a hazy altar of Hepliaklqana.
  2324 | D:3      | Reached *** piety under Trog
  2677 | D:4      | Found Guam's Antique Armour Emporium.
  2905 | D:4      | Reached XP level 6. HP: 56/56 MP: 5/5
  3977 | D:5      | Entered Level 5 of the Dungeon
  3986 | D:5      | Reached XP level 7. HP: 59/63 MP: 6/6
  4628 | D:5      | Noticed Duvessa
  4640 | D:5      | Killed Duvessa
  4641 | D:5      | Found a bloodstained altar of Trog.
  4650 | D:5      | Noticed Dowan
  4658 | D:5      | Killed Dowan
  4681 | D:5      | Found a shimmering blue altar of Sif Muna.
  4685 | D:5      | Got Sif Muna's Thoughts on Incineration
  4792 | D:5      | Reached XP level 8. HP: 60/73 MP: 7/7
  4906 | D:6      | Noticed Pikel
  4967 | D:6      | Killed Pikel
  5107 | D:6      | Noticed Maggie
  5242 | D:6      | Found a staircase to the Ecumenical Temple.
  5513 | D:6      | Found Wugiocum's Armour Boutique.
  5641 | D:6      | Killed Maggie
  5642 | D:6      | Reached XP level 9. HP: 83/83 MP: 8/8
  5791 | D:6      | Found a runed translucent gate.
  5791 | D:6      | Found a runed translucent gate.
  5791 | D:6      | Found a runed translucent gate.
  5795 | D:6      | Noticed arta456's ghost (novice DECj)
  5795 | D:6      | Noticed diceflayer's ghost (novice DsHu)
  6534 | D:7      | Reached **** piety under Trog
  6535 | D:7      | Reached skill level 10 in Fighting
  6580 | D:7      | You fall into a shaft and drop 1 floor!
  6600 | D:8      | Found a broken altar of Ashenzari.
  6612 | D:8      | Reached skill level 5 in Polearms
  6860 | D:8      | Reached XP level 10. HP: 94/94 MP: 9/9
  8213 | D:8      | Identified a scroll of acquirement
  8213 | D:8      | Acquired 600 gold pieces
  8323 | D:9      | Found a snail-covered altar of Cheibriados.
  8502 | D:9      | Found a staircase to the Orcish Mines.
  8503 | D:9      | Found a viscous altar of Jiyva.
  9515 | Orc:1    | Entered Level 1 of the Orcish Mines
  9557 | Orc:2    | Entered Level 2 of the Orcish Mines
  9760 | Orc:2    | Reached skill level 10 in Polearms
  9855 | Orc:2    | Noticed an orc warlord
  9961 | Orc:1    | Reached ***** piety under Trog
 10249 | Orc:2    | Killed an orc warlord
 10250 | Orc:2    | Reached XP level 11. HP: 95/104 MP: 10/10
 10375 | Orc:2    | Found a staircase to the Elven Halls.
 10387 | Elf:1    | Entered Level 1 of the Elven Halls
 10387 | Elf:1    | Noticed a deep elf zephyrmancer
 10387 | Elf:1    | Noticed a deep elf zephyrmancer
 10387 | Elf:1    | Noticed a deep elf zephyrmancer
 10387 | Elf:1    | Noticed a deep elf zephyrmancer
 10413 | Orc:2    | Noticed Saint Roka
 10707 | Orc:2    | Noticed an orc sorcerer
 10815 | Orc:1    | Mangled by Saint Roka

Illustrated notes

Levels and vault maps discovered:
D:1:      minmay_arrival_diagonal_passages, layout_rooms,
          ebering_ecumenical_altar_mist
D:2:      minmay_chambers_of_twos, layout_rooms, uniq_robin
D:3:      layout_basic, gammafunk_temple_overflow_wave, chequers_big_river,
          amethyst_killhole, minmay_misc_feat_rugged, kennysheep_cross_room,
          grunt_ministairs_2
D:4:      wad_river_or_something, layout_loops_cross, serial_shops,
          nicolae_shop_tiny_statue_garden, minmay_door_square
D:5:      layout_rooms, nzn_overflow_gifts_of_might_and_magic
D:6:      layout_rooms, minmay_temple_entry_wispy, serial_shops,
          kennysheep_mini, gammafunk_ghost_cemetery, uniq_pikel, uniq_maggie
D:7:      layout_rooms, uniq_duvessa
D:8:      layout_cave_pools, mainiacjoe_overflow_small_starburst,
          serial_column_ruins, column_ruins_hut, column_ruins_grid_1,
          column_ruins_corridor_dead_end, column_ruins_open_large,
          column_ruins_open_tiny, column_ruins_open_small,
          column_ruins_columns_straight, minmay_orc_keep
D:9:      layout_irregular_city, nicolae_overflow_crystal_walls, orc_0_dummy,
          dk_noncrumbling_3, jiyva_altar_1
Orc:1:    layout_caves, basic_altar, nicolae_volcano_entry_s_turn, serial_shops,
          shop, bh_open_orc_temple
Orc:2:    kennysheep_orc_mage_school, layout_diamond_mine, serial_shops,
          nicolae_shop_stone, basic_altar, nicolae_orc_sculptors_studio,
          rock_pile, uniq_saint_roka
Elf:1:    minmay_elf_arrival_summoners, layout_geoelf_octagon,
          hangedman_elf_represent, hangedman_elf_power_crystal, uniq_aizul,
          uniq_jorgrun

Skill      XL: |  1  2  3  4  5  6  7  8  9 10 11 |
---------------+----------------------------------+-----
Axes           | 4 5 6 7 8 9 12 | 12.9
Fighting       | 4 5 6 7 9 10 12 | 12.3
Polearms       | 6 10 11 | 11.0
Armour         | |  2.4
Dodging        | |  2.1

Action                     |  1- 3 |  4- 6 |  7- 9 | 10-12 || total
---------------------------+-------+-------+-------+-------++-------
  Melee: Hand axe          |    77 |   156 |   149 |       ||   382
         Headbutt          |     8 |    31 |    28 |    35 ||   102
         Punch             |       |       |     2 |     2 ||     4
         Trident           |       |       |    43 |   229 ||   272
  Throw: Stone             |     6 |       |    10 |     8 ||    24
         Boomerang         |       |     8 |    49 |    21 ||    78
         Dart              |       |       |    17 |     4 ||    21
 Invoke: Berserk           |     3 |     5 |     4 |     4 ||    16
         Trog's Hand       |       |       |     2 |     1 ||     3
    Use: Scroll            |     2 |     7 |     3 |    12 ||    24
         Potion            |       |       |       |     1 ||     1
 Armour: Animal skin       |    10 |     4 |       |       ||    14
         Ring mail         |       |    10 |    23 |    59 ||    92
         Chain mail        |       |    24 |    33 |       ||    57
  Dodge: Dodged            |    43 |    68 |    73 |    90 ||   274
